 Dungeon Crawl Stone Soup version 0.21-a0-278-ga722497 (webtiles) character file.

75 Jeffwins the Insei (level 4, -3/28 HPs)
             Began as an Octopode Transmuter on Sept 22, 2017.
             Splashed by a jelly's acid (8 damage)
             ... on level 2 of the Dungeon.
             The game lasted 00:03:52 (2075 turns).

Jeffwins the Insei (Octopode Transmuter)            Turns: 2075, Time: 00:03:52

Health: -3/28      AC: -5    Str:  9    XL:     4   Next: 31%
Magic:  7/7        EV: 13    Int: 16    God:
Gold:   119        SH:  0    Dex: 12    Spells: 0/7 levels left

rFire    . . .     SeeInvis .     - Unarmed
rCold    . . .     Gourm    .   (no shield)
rNeg     + . .     Faith    .   h - +2 hat
rPois    .         Spirit   .   (no amulet)
rElec    .         Reflect  .   t - ring of positive energy
rCorr    .         Harm     .   (no ring)
MR       .....                  (no ring)
Stlth    ++........             (no ring)
HPRegen  0.09/turn              (no ring)
MPRegen  0.10/turn              (no ring)
                                (no ring)
                                (no ring)

@: corroded
A: almost no armour, stealthy swim, amphibious, 8 rings, constrict 8, camouflage
1, gelatinous body 1
a: no special abilities


You were on level 2 of the Dungeon.
You were hungry.

You visited 1 branch of the dungeon, and saw 2 of its levels.

You collected 119 gold pieces.

Inventory:

Missiles
 a - 23 arrows
 d - 5 tomahawks (quivered)
 l - 7 poisoned needles
Armour
 h - a +2 hat (worn)
Jewellery
 t - a ring of positive energy (left tentacle)
Scrolls
 e - 2 scrolls of amnesia {unknown}
 f - 2 scrolls of teleportation {unknown}
 g - a scroll of fog {unknown}
 j - 4 scrolls of identify {unknown}
 o - 2 scrolls of blinking {unknown}
 u - a scroll of immolation {unknown}
 v - 2 scrolls of remove curse {unknown}
Potions
 i - a potion of curing {unknown}
 k - a potion of degeneration {unknown}
 m - a potion of flight {unknown}
 p - a potion of cancellation {unknown}
 q - a potion of brilliance {unknown}
 r - 2 potions of lignification {unknown}
Books
 b - a book of Changes

   Spells                             Type                      Level
   a - Beastly Appendage              Transmutation                1
   b - Sticks to Snakes               Transmutation                2
   c - Spider Form                    Transmutation/Poison         3
   d - Ice Form                       Ice/Transmutation            4
   e - Blade Hands                    Transmutation                5
Comestibles
 c - 4 bread rations
 n - a fruit
 s - a royal jelly


   Skills:
 + Level 1.5 Fighting
 + Level 2.4 Dodging
 * Level 3.6 Unarmed Combat
 + Level 2.3 Spellcasting
 * Level 2.8 Transmutations
 * Level 0.6 Ice Magic


You couldn't memorise any spells.
You knew the following spells:

 Your Spells              Type           Power        Failure   Level  Hunger
a - Beastly Appendage     Tmut           ##....       6%          1    #......
b - Sticks to Snakes      Tmut           ##......     10%         2    ###....
c - Ice Form              Ice/Tmut       #.......     69%         4    #####..


Dungeon Overview and Level Annotations

Branches:
Dungeon (2/15)

Altars:


Innate Abilities, Weirdness & Mutations

You cannot wear most types of armour.
You are very stealthy in the water. (Stealth+)
You are amphibious.
You can wear up to eight rings at the same time.
You can use your tentacles to constrict eight enemies at once.
Your skin changes colour to match your surroundings (Stealth+).
Your rubbery body absorbs attacks. (AC +1, EV +1)


Message History

You tentacle-slap the jelly. The acid corrodes you!
Your tentacles burn!
The jelly is moderately wounded.
The jelly misses you.
You tentacle-slap the jelly. The acid corrodes you!
Your tentacles burn!
The jelly is heavily wounded.
The jelly hits you.
You are splashed with acid!
The acid burns!
* * * LOW HITPOINT WARNING * * *
Unknown command.
The jelly jiggles.
There is an open door here.
Things that are here:
a club; a kobold corpse x2
The ooze jiggles.
There is an open gate here.
You see here a stone.
You see here a stone.
The jelly hits you.
* * * LOW HITPOINT WARNING * * *
You are splashed with acid!
The acid burns!
You die...

.# #.#.# #................
####.#.# #.#..............#####
.....#.# #.#.##.#####..........
######.###.#.##.# #≈≈.≈..≈≈.≈
#.....#.##.#####(.≈≈≈≈≈≈≈≈
#######.##........≈≈≈≈≈≈≈≈ #
#..#..(....(≈≈≈≈≈≈≈≈ ÷#
##########.#......≈.≈≈≈..≈≈≈
.'##......###..J@....≈.(≈≈≈_≈≈≈
#)#.......##...####.≈.÷≈≈.≈.≈≈
#.#......(.'J..# #...(≈≈≈≈≈≈≈
#.#......).(...# ##.≈≈≈≈≈≈≈≈≈
#J#'#....(†'...# #.≈≈≈≈≈≈≈≈≈
#.#.#.....##.#.# #.≈≈≈≈.≈≈.≈
#.#J#....####..# #≈≈≈....≈.≈
##.####### ..# ########### ###
..#


You could see a jelly and an ooze.

Vanquished Creatures
  An adder (D:2)
  2 oozes (D:2)
  A worm (D:2)
  A dart slug (D:1)
  4 giant cockroaches
  5 goblins
  5 hobgoblins
  2 jackals (D:1)
  14 kobolds
  A ball python (D:1)
  5 bats
  3 frilled lizards
  8 rats
52 creatures vanquished.

Vanquished Creatures (others)
  A fungus (D:2)
  8 toadstools (D:2)
9 creatures vanquished.

Grand Total: 61 creatures vanquished

Notes
Turn   | Place    | Note
-------+----------+-------------------------------------------
     0 | D:1      | Jeffwins the Octopode Transmuter began the quest for the Orb.
     0 | D:1      | Reached XP level 1. HP: 13/13 MP: 3/3
   365 | D:1      | Reached XP level 2. HP: 10/18 MP: 5/5
   595 | D:1      | Learned a level 2 spell: Sticks to Snakes
  1072 | D:1      | Reached XP level 3. HP: 23/23 MP: 6/6
  1761 | D:2      | Found a faded altar of an unknown god.
  1779 | D:2      | Reached XP level 4. HP: 17/28 MP: 7/7
  1904 | D:2      | Learned a level 4 spell: Ice Form
  2075 | D:2      | Splashed by a jelly's acid

Vault maps used:
D:1:      onia_arrival_mini_maze
D:2:      cheibrodos_fertilizer, chequers_ecumenical_altar_island, first_bread,
          hex_tiny

Action                   |  1- 3 |  4- 6 || total
-------------------------+-------+-------++-------
Melee: Unarmed           |   107 |    21 ||   128
       Constrict         |    29 |     5 ||    34
       Tentacles         |    14 |     2 ||    16
       Punch             |     4 |     1 ||     5
       Kick              |       |     1 ||     1
 Cast: Beastly Appendage |       |     1 ||     1
 Stab: Sleeping          |     9 |       ||     9
  Eat: Chunk             |     3 |       ||     3
Armor: Skin              |    16 |     6 ||    22
Dodge: Dodged            |    59 |    14 ||    73

Table legend:
 A = Spawn XP
 B = Non-spawn XP
 C = Spawn XP percentage of total XP
 D = Spawn monster count
 E = Non-spawn monster count
 F = Spawn count percentage of total count
 G = Total turns spent on level
                    A         B        C        D         E        F      G
               +---------+---------+-------+---------+---------+-------+---------
         Total |       0 |     108 |   0.0 |       0 |      52 |   0.0 |  2075
               +---------+---------+-------+---------+---------+-------+---------
           D:1 |       0 |      34 |   0.0 |       0 |      21 |   0.0 |  1164
           D:2 |       0 |      74 |   0.0 |       0 |      31 |   0.0 |   911
               +---------+---------+-------+---------+---------+-------+---------
